Match 47368195
Unlisted

Match 47368195
End
Selects Italian Combined Arms Battlegroup
Selects Bersaglieri Squad
Bersaglieri Squad
Panzerpioneer Squad
Bersaglieri Squad
Bersaglieri Squad
Construct Light Support Kompanie
2.5-tonne Medical Truck
Selects Bersaglieri Bolster
Fire Support Elements
Veteran Squad Leaders
Selects Breda Model 30 Light Machine Guns
【嗜血狼族】灵狐魅儿
楚云飞
likewind3
XXxxxGxxxXX
我是人ds
Sherman-C
Zappa
XIAOXU
0
0

Comments sign in to comment!

No comments posted yet!